 Dungeon Crawl Stone Soup version 0.27-a0-1301-g128193abf8 (webtiles) character file.

Game seed: 14993689199283839907

86 freelancePsychic the Charlatan (level 4, -2/34 HPs)
             Began as a Demonspawn Artificer on June 17, 2021.
             Slain by a gnoll (7 damage)
             ... on level 4 of the Dungeon.
             The game lasted 00:04:38 (2656 turns).

freelancePsychic the Charlatan (DsAr)               Turns: 2656, Time: 00:04:39

Health: -2/34      AC:  4    Str: 13    XL:     4   Next: 26%
Magic:  4/4        EV: 11    Int: 12    God:
Gold:   69         SH:  6    Dex: 14    Spells: 3/3 levels left

rFire    . . .     SeeInvis .   m - +2 dagger (flame)
rCold    . . .     Faith    .   (no shield)
rNeg     . . .     Spirit   .   b - +0 leather armour
rPois    .         Reflect  .   (no helmet)
rElec    .         Harm     .   f - +0 cloak
rCorr    .         Rampage  .   (no gloves)
Will     .....                  (no boots)
Stlth    +.........             (no amulet)
HPRegen  0.11/turn              (no ring)
MPRegen  0.09/turn              (no ring)

@: no status effects
A: large bone plates 2
a: no special abilities


You were on level 4 of the Dungeon.
You visited 1 branch of the dungeon, and saw 4 of its levels.

You collected 69 gold pieces.

Inventory:

Hand Weapons
 a - a +0 club
 m - a +2 dagger of flaming (weapon)
 n - a +0 arbalest
Missiles
 p - 23 poisoned darts
Armour
 b - a +0 leather armour (worn)
 f - a +0 cloak (worn)
Jewellery
 j - a ring of protection from fire
Wands
 c - a wand of flame (3)
 d - a wand of charming (5) (quivered)
Scrolls
 g - a scroll of magic mapping {unknown}
 k - a scroll of noise
 o - a scroll of amnesia {unknown}
Potions
 h - a potion of curing {@q1}
 i - a potion of might {unknown}
Miscellaneous
 e - a piece from Xom's chessboard (15/15)


   Skills:
 + Level 2.9 Fighting
 - Level 1.8 Armour
 - Level 1.0 Dodging
 - Level 0.9 Stealth
 + Level 4.1 Evocations


You had 3 spell levels left.
You didn't know any spells.
Your spell library contained the following spells:

 Spells                   Type           Power      Damage    Failure   Level
 Beastly Appendage        Tmut           0%         N/A       38%         1
 Wereblood                Tmut           0%         N/A       54%         2
 Spider Form              Tmut/Pois      0%         N/A       77%         3
 Ice Form                 Ice/Tmut       0%         N/A       99%         4


Dungeon Overview and Level Annotations

Branches:
Dungeon (4/15)
 Temple: D:4-7

Altars:


Innate Abilities, Weirdness & Mutations

You are mostly covered in large bone plates. (SH +6)


Message History

The ball python constricts you.
Aiming: Charm
Press: ? - help, Q - select action, (/) - cycle Shift-Dir - straight line, f - hound
Aim: a hound (chance to affect: 67%)
The hound is charmed.
Your hound barely misses the ball python.
The ball python bites you but does no damage.
The ball python constricts you.
Your hound barely misses the ball python.
The goblin closely misses your hound.
You barely miss the ball python.
The ball python is heavily wounded.
Your hound closely misses the ball python.
The ball python bites you. The ball python constricts you.
The goblin hits your hound but does no damage.
You barely miss the ball python.
The ball python is heavily wounded.
Your hound bites the ball python.
The ball python dies!
Your hound bites the goblin.
You barely miss the goblin.
The goblin is almost dead.
Your hound bites the goblin.
The goblin dies!
A gnoll comes into view. It is wielding a +0 spear.
Your hound bites the gnoll.
The gnoll barely misses your hound.
Your hound bites the gnoll.
Your hound closely misses the gnoll.
Your hound barely misses the gnoll.
Your hound bites the gnoll.
Your hound bites the gnoll but does no damage.
You block the gnoll's attack.
Your hound bites the gnoll.
The gnoll closely misses your hound.
Your hound bites the gnoll.
The gnoll dies!
The gnoll hits you from afar with a +0 halberd!
* * * LOW HITPOINT WARNING * * *
You see here a +0 spear.
Your hound closely misses the gnoll.
Your hound barely misses the gnoll.
The gnoll hits you from afar with a +0 halberd!
You die...

.##################
..........[.......#
..................#
.........@)....†..# ##
.......#..)gh.....# ...
.......#...g......# ....
.....$.###..)...### .....
.........#......###......
................'...g...g
###.............#####....
#####......#### #
####....


You could see 2 gnolls and a friendly hound (charmed).

Vanquished Creatures
  A gnoll (D:3)
  A worm (D:3)
  A dart slug (D:3)
  An orc (D:3)
  4 ball pythons
  3 bats
  5 endoplasms
  2 giant cockroaches (D:3)
  3 goblins
  8 hobgoblins
  3 jackals (D:1)
  5 kobolds
  4 quokkas (D:1)
  A frilled lizard (D:1)
  3 rats
45 creatures vanquished.

Vanquished Creatures (collateral kills)
  2 gnolls
  3 orcs (D:3)
  A ball python (D:4)
  A goblin (D:4)
  A hobgoblin (D:4)
  A kobold (D:3)
9 creatures vanquished.

Grand Total: 54 creatures vanquished

Notes
Turn   | Place    | Note
-------+----------+-------------------------------------------
     0 | D:1      | freelancePsychic the Demonspawn Artificer began the quest
                  | for the Orb.
     0 | D:1      | Reached XP level 1. HP: 15/15 MP: 1/1
   137 | D:1      | Reached skill level 1 in Dodging
   405 | D:1      | Gained mutation: You are partially covered in large bone
                  | plates. (SH +4) [demonic ancestry]
   405 | D:1      | Reached XP level 2. HP: 14/21 MP: 2/2
   707 | D:1      | Found a faded altar of an unknown god.
  1200 | D:1      | Gained mutation: You are mostly covered in large bone
                  | plates. (SH +6) [demonic ancestry]
  1200 | D:1      | Reached XP level 3. HP: 27/27 MP: 3/3
  2384 | D:3      | Reached skill level 4 in Evocations
  2554 | D:3      | Reached XP level 4. HP: 18/34 MP: 4/4
  2598 | D:3      | HP: 1/34 [gnoll (3)]
  2656 | D:4      | Slain by a gnoll

Illustrated notes

Levels and vault maps discovered:
D:1:      dpeg_arrival_circle_labyrinth_b, layout_rooms, basic_ecumenical_altar
D:2:      layout_basic
D:3:      layout_rooms, interstate_on_off
D:4:      layout_basic, serial_bayou_lake_a

Skill      XL: |  1  2  3 |
---------------+----------+-----
Dodging        | 1 |  1.0
Fighting       | 2 |  2.9
Evocations     | 4 |  4.1
Armour         | |  1.8
Stealth        | |  0.9

Action                   |  1- 3 |  4- 6 || total
-------------------------+-------+-------++-------
Melee: Club              |   130 |       ||   130
       Dagger            |    16 |    12 ||    28
Evoke: Wand              |    19 |     3 ||    22
  Use: Scroll            |       |     2 ||     2
       Potion            |       |     1 ||     1
 Stab: Sleeping          |     2 |       ||     2
Armor: Leather armour    |    50 |     6 ||    56
Dodge: Dodged            |   109 |     8 ||   117
Block: Other             |    33 |     5 ||    38

Table legend: (Time is in decaauts)
 A = Elapsed time spent in this place.
 B = Non-inter-level travel time spent in this place.
 C = Inter-level travel time spent in this place.
 D = Time resting spent in this place.
 E = Time spent auto-exploring this place.
 F = Levels seen in this place.
 G = Mean time per level.
                   A        B        C        D        E       F      G
               +--------+--------+--------+--------+--------+-----+--------+
         Total |   2695 |   2616 |     79 |    149 |   2006 |   4 |  673.8 |
       Dungeon |   2695 |   2616 |     79 |    149 |   2006 |   4 |  673.8 |
               +--------+--------+--------+--------+--------+-----+--------+

Top non-repeatable levels by time:
     D:1: 1617 daAuts
     D:2: 773 daAuts
     D:3: 248 daAuts
     D:4: 56 daAuts
